 Dungeon Crawl Stone Soup version 0.30.1-3-gfc49f6343a (webtiles) character file.

Game seed: 4548525559380107910

182161 spardeous the Transmogrifier (level 16, 0/201 HPs)
             Began as a Demigod Earth Elementalist on July 24, 2023.
             Slain by a tentacle (4 damage)
             ... attached to a kraken
             ... on level 1 of the Shoals on July 25, 2023.
             The game lasted 02:19:38 (49581 turns).

spardeous the Transmogrifier (DgEE)                Turns: 49581, Time: 02:19:39

Health: 0/201      AC: 20    Str: 24    XL:     16   Next: 80%
Magic:  25/35      EV: 10    Int: 39    God:
Gold:   2101       SH:  0    Dex: 15    Spells: 3/35 levels left

rFire   + + .        i - melded +7 short sword of the Endless Expanse {heavy, *Corrode Will+ MP+9 Dex+5}
rCold   x . .        C - melded +1 kite shield of the Snake Pit {Will- Dex+4}
rNeg    . . .        T - melded +0 steam dragon scales
rPois   +            d - melded +0 hat of Paranoia {rF+ rCorr}
rElec   .            P - melded scarf {repulsion}
rCorr   +            k - melded +1 pair of gloves "Heshirae" {Will+}
SInv    +            (boots currently unavailable)
Will    +....        Y - amulet "Peaxt" {Acrobat Str+2 SInv}
Stlth   +++          Z - ring "Wuoduuz" {+Blink rCorr Int+6 Dex-2 Slay+4}
HPRegen 0.53/turn    a - +4 ring of protection
MPRegen 0.24/turn

%: acrobat
@: dragon-form, flying, studying Evocations, unable to drink
A: dragon claw, dragon scales, breathe fire, flying, boosted hp, giant, high MP
1, forlorn, divine attributes, clever 1, (deformed body), (electricity
resistance), inability to drink after injury 1, noise suppression
}: 1/15 runes: gossamer
a: Breathe Fire, End Transformation, Evoke Blink


You were on level 1 of the Shoals.
You were a fearsome dragon!
You visited 5 branches of the dungeon, and saw 27 of its levels.
You visited the Abyss 1 time.
You also visited: Ossuary and Ice Cave.

You collected 3005 gold pieces.
You spent 904 gold pieces at shops.

Inventory:

Hand Weapons
 i - the +7 short sword of the Endless Expanse (melded) {heavy, *Corrode Will+ MP+9 Dex+5}
   (You found it on level 3 of the Lair of Beasts)

   Dex:       It affects your dexterity (+5).
   MP:        It affects your magic capacity (+9).
   *Corrode:  It may corrode you when you take damage.
   Will:      It increases your willpower.
 o - the +8 demon trident "Rift" {distort, reach+}
   (You acquired it on level 14 of the Dungeon)
Armour
 d - the +0 hat of Paranoia (melded) {rF+ rCorr}
   (You found it on level 4 of the Spider Nest)

   rF:        It protects you from fire.
   rCorr:     It protects you from acid and corrosion.
 j - the +1 hat of Skepticism {rCorr}
   (You acquired it on level 14 of the Dungeon)

   rCorr:     It protects you from acid and corrosion.
 k - the +1 pair of gloves "Heshirae" (melded) {Will+}
   (You acquired it on level 14 of the Dungeon)

   Will:      It increases your willpower.
 w - an orb of energy
 z - the +3 scale mail "Bovall" {rElec rF+ Int+3}
   (You found it on level 4 of the Lair of Beasts)

   Int:       It affects your intelligence (+3).
   rF:        It protects you from fire.
   rElec:     It insulates you from electricity.
 C - the +1 kite shield of the Snake Pit (melded) {Will- Dex+4}
   (You took it off Donald on level 4 of the Spider Nest)

   Dex:       It affects your dexterity (+4).
   Will:      It decreases your willpower.
 P - a scarf of repulsion (melded)
 T - +0 steam dragon scales (melded)
Magical Staves
 v - the staff of conjuration "Qaarois" {Int+3}
   (You found it on level 4 of the Lair of Beasts)

   [staff of conjuration]

   Base accuracy: +5 Base damage: 5 Base attack delay: 1.2 This weapon's minimum
   attack delay (0.6) is reached at skill level 12.
   Int:       It affects your intelligence (+3).
   It falls into the 'Staves' category.
   It is a one-handed weapon.
Jewellery
 a - a +4 ring of protection (right foreclaw)
 B - the ring "Wyxzer" {rPois rC+ Will+}
   (You acquired it on level 1 of the Spider Nest)

   [ring of poison resistance]

   rC:        It protects you from cold.
   rPois:     It protects you from poison.
   Will:      It increases your willpower.
 W - a ring of positive energy
 Y - the amulet "Peaxt" (around neck) {Acrobat Str+2 SInv}
   (You bought it in a shop on level 2 of the Orcish Mines)

   [amulet of the acrobat]

   It increases your evasion while moving and waiting.
   Str:       It affects your strength (+2).
   SInv:      It lets you see invisible.
 Z - the ring "Wuoduuz" (left foreclaw) {+Blink rCorr Int+6 Dex-2 Slay+4}
   (You found it on level 5 of the Lair of Beasts)

   [ring of intelligence]

   Int:       It affects your intelligence (+6).
   Dex:       It affects your dexterity (-2).
   Slay:      It affects your accuracy & damage with ranged weapons and melee
   (+4).
   +Blink:    It lets you blink.
   rCorr:     It protects you from acid and corrosion.
Wands
 n - a wand of roots (10)
 p - a wand of polymorph (6)
 y - a wand of flame (83)
 L - a wand of mindburst (6)
Scrolls
 e - 6 scrolls of fear
 g - a scroll of amnesia
 h - 7 scrolls of immolation
 m - 6 scrolls of teleportation
 t - 3 scrolls of silence
 u - 5 scrolls of blinking
 x - 5 scrolls of enchant weapon
 E - 8 scrolls of enchant armour
 F - 2 scrolls of brand weapon
 G - 5 scrolls of summoning
 M - 7 scrolls of fog
 N - 5 scrolls of poison
 O - 6 scrolls of identify
 R - 7 scrolls of vulnerability
Potions
 b - 3 potions of magic
 c - 2 potions of flight
 f - 3 potions of resistance
 l - 3 potions of might
 q - 12 potions of curing
 r - 2 potions of cancellation
 s - 5 potions of lignification
 A - 7 potions of ambrosia
 I - 2 potions of berserk rage
 J - 6 potions of brilliance
 K - 3 potions of heal wounds
 S - 6 potions of haste
 U - a potion of mutation
 V - a potion of attraction
 X - 4 potions of invisibility


   Skills:
 - Level 10.1 Fighting
 - Level 7.6 Short Blades
 - Level 5.5 Maces & Flails
 - Level 1.5 Polearms
 - Level 7.1 Dodging
 - Level 4.0 Stealth
 - Level 11.3 Shields
 - Level 10.3 Spellcasting
 - Level 5.3 Conjurations
 - Level 6.3 Necromancy
 - Level 12.0 Transmutations
 - Level 9.1 Air Magic
 + Level 11.3 Earth Magic


You had 3 spell levels left.
You knew the following spells:

 Your Spells              Type           Power      Damage    Failure   Level
a - Sandblast             Erth           100%       2d20      1%          1
b - Stone Arrow           Conj/Erth      100%       3d13      1%          3
c - Petrify               Tmut/Erth      84%        N/A       1%          4
d - Statue Form           Tmut/Erth      56%        N/A       2%          6
e - Dragon Form           Tmut           42%        N/A       11%         7
f - Borgnjor's Vile Clut  Necr/Erth      36%        N/A       1%          5
h - Leda's Liquefaction   Hex/Erth       29%        N/A       1%          4
j - Wereblood             Tmut           85%        N/A       1%          2

Your spell library contained the following spells:

 Spells                   Type           Power      Damage    Failure   Level
 Apportation              Tloc           40%        N/A       1%          1
 Kiss of Death            Conj/Necr      100%       2d13      1%          1
 Necrotise                Necr           100%       1d9       1%          1
 Slow                     Hex            80%        N/A       1%          1
 Sting                    Tmut/Pois      100%       1d8       1%          1
 Summon Small Mammal      Summ           80%        N/A       1%          1
 Cigotuvi's Dreadful Rot  Necr/Pois/Air  100%       N/A       1%          2
 Passwall                 Tmut/Erth      70%        N/A       1%          2
 Poisonous Vapours        Pois/Air       100%       N/A       1%          2
 Hailstorm                Conj/Ice       40%        3d10      1%          3
 Ignite Poison            Fire/Tmut/Pois 50%        N/A       1%          3
 Mephitic Cloud           Conj/Pois/Air  55%        N/A       1%          3
 Vampiric Draining        Necr           63%        2d10      1%          3
 Vhi's Electric Charge    Tloc/Air       100%       N/A       1%          3
 Confusing Touch          Hex            20%        N/A       5%          3
 Animate Dead             Necr           63%        N/A       1%          4
 Ice Form                 Ice/Tmut       61%        N/A       1%          4
 Lee's Rapid Deconstruct  Erth           41%        3d20*     1%          5
 Arcjolt                  Conj/Air       33%        1d43      2%          5
 Agony                    Necr           63%        N/A       3%          5
 Alistair's Intoxication  Tmut/Pois      40%        N/A       4%          5
 Sticky Flame             Conj/Fire      40%        2d6       6%          4
 Freezing Cloud           Conj/Ice/Air   27%        6-21      7%          5
 Conjure Ball Lightning   Conj/Air       33%        3x3d11    14%         6
 Cause Fear               Hex            10%        N/A       19%         4
 Olgreb's Toxic Radiance  Pois           20%        N/A       19%         4
 Death Channel            Necr           31%        N/A       21%         6
 Storm Form               Tmut/Air       40%        N/A       21%         7
 Simulacrum               Ice/Necr       22%        N/A       58%         6
 Maxwell's Capacitive Co  Air            37%        ∞         96%         8
 Discord                  Hex            10%        N/A       100%        8
 Disjunction              Tloc           10%        N/A       100%        8
 Ignition                 Fire           10%        3d5       100%        8
 Death's Door             Necr           31%        N/A       100%        9
 Dragon's Call            Summ           10%        N/A       100%        9


Dungeon Overview and Level Annotations

Branches:
Dungeon (15/15)            Temple (0/1) D:7            Lair (5/5) D:10
 Shoals (1/4) Lair:2       Spider (4/4) Lair:3        Slime (0/5) Lair:5
    Orc (2/2) D:12            Elf (0/3) Orc:2        Vaults (0/5) D:14
 Depths (0/4) D:15        Ossuary (visited)           IceCv (visited)

Shops:
D:5 *   D:12 [   Orc:2 ?*=*

Annotations:
Lair:4 turdburglar's ghost, journeyman GrFi


Innate Abilities, Weirdness & Mutations

You are a fearsome dragon!
You have a powerful clawing attack.
Your giant scaled body is strong and resiliant, but less evasive.
You can breathe fire.
You are flying.
Your maximum health is greatly increased.
Your armour is entirely melded.
You are incapable of wielding weapons or throwing items.
You have an increased reservoir of magic. (+10% MP)
You shall have no god before yourself.
Your divine heritage dramatically boosts your attributes as you level up.
Your mind is acute. (Int +4, Str/Dex -1)
((Armour fits poorly on your strangely shaped body.))
((You are resistant to electric shocks. (rElec)))
You occasionally lose the ability to drink potions when taking damage.
You passively dampen the noise of your surroundings.


Message History

The kraken misses you. The tentacle completely misses you. x2
You take 10 damage, and have 79/201 hp.
You bite the kraken!!
The kraken is severely wounded.
The kraken barely misses you. The tentacle slaps you!!
* * * LOW HITPOINT WARNING * * *
The tentacle barely misses you. The kraken bites you!
* * * LOW HITPOINT WARNING * * *
You take 30 damage, and have 49/201 hp.
You feel much better. The tentacle slaps you!
* * * LOW HITPOINT WARNING * * *
The tentacle slaps you!
* * * LOW HITPOINT WARNING * * *
A tentacle segment bursts forth from the water.
The kraken bites you but does no damage.
The tentacle slaps you!
* * * LOW HITPOINT WARNING * * *
The tentacle barely misses you.
You take 2 damage, and have 47/201 hp.
You hit the kraken but do no damage. You bite the kraken, but do no damage.
The kraken is severely wounded.
You have got your breath back.
The tentacle slaps you but does no damage.
The tentacle barely misses you. The kraken bites you.
* * * LOW HITPOINT WARNING * * *
The tentacle closely misses you. The tentacle slaps you.
* * * LOW HITPOINT WARNING * * *
The kraken barely misses you.
You take 6 damage, and have 41/201 hp.
You claw the kraken! You bite the kraken!
The kraken is severely wounded.
The tentacle misses you. The tentacle closely misses you.
A tentacle segment bursts forth from the water.
The kraken bites you!!
You feel threatened and lose the ability to drink potions!
* * * LOW HITPOINT WARNING * * *
The tentacle slaps you!
* * * LOW HITPOINT WARNING * * *
The tentacle slaps you.
You die...

≈≈≈≈≈≈≈≈≈≈≈≈≈≈≈≈
≈≈≈≈≈≈≈≈≈≈≈≈≈≈≈≈
≈≈≈≈≈≈≈≈≈≈≈≈≈≈≈≈
≈≈≈≈≈≈≈≈~≈≈≈≈≈≈≈
≈≈≈≈≈≈~..≈≈≈≈≈≈.
≈≈≈≈≈~..*≈≈≈≈≈≈.
≈≈≈≈≈~.ww≈≈≈≈≈≈.
≈≈≈≈≈~..DX≈≈≈≈≈.
≈≈≈≈≈~...≈≈≈≈≈≈.
≈≈≈≈≈~...≈≈≈≈≈≈.
≈≈≈≈≈~...≈≈≈≈≈≈.
≈≈≈≈≈~...≈≈≈≈≈≈$#
≈≈≈≈≈~...≈≈≈≈≈≈..#
≈≈≈≈~~...≈≈≈≈≈≈≈~.###
≈≈≈≈~~...≈≈≈≈≈≈≈≈.....~~~
≈≈≈≈~~~..≈≈≈≈≈≈≈≈≈≈≈≈≈≈≈≈


You could see a kraken and 2 tentacles.

Vanquished Creatures
  Arachne (Spider:2)
  Rupert (Lair:5)
  2 krakens (Shoals:1)
  Kirke (D:12)
  Roxanne (Spider:2)
  Donald (Spider:4)
  Aizul (Spider:4)
  6 emperor scorpions (Spider:4)
  3 ghost moths (Spider:4)
  A reaper (IceCv)
  An ettin (D:15)
  A fire dragon (D:14)
  3 entropy weavers
  4 hydras
  4 vault guards (D:14)
  2 jorogumos
  5 radroaches
  6 centaur warriors
  9 boulder beetles
  4 tengu warriors
  4 orc high priests
  The ghost of SirLogeyBear the Cleaver, a novice HOBe of Trog (D:6)
  Sonja (Lair:2)
  4 skysharks
  7 pharaoh ants
  2 deep trolls (D:15)
  A lindwurm (Lair:3)
  A sun moth (Spider:3)
  7 orb spiders
  Pikel (D:9)
  7 harpies
  4 deep elf pyromancers
  8 ugly things
  5 steelbarb worms
  2 necromancers (D:15)
  5 orc knights
  A wizard (D:14)
  26 wolf spiders
  4 orc sorcerers
  4 moths of wrath
  4 cyclopes
  4 manticores
  9 elephants (Lair:5)
  9 black mambas
  2 ice statues (IceCv)
  6 demonic crawlers
  A guardian serpent (shapeshifter) (D:14)
  10 cane toads
  5 torpor snails
  3 rime drakes
  An unseen horror (D:12)
  12 komodo dragons
  A kobold demonologist (D:6)
  2 tengu conjurers
  2 freezing wraiths
  An anaconda simulacrum (IceCv)
  6 ice devils (IceCv)
  4 trolls
  9 meliai
  4 merfolk (Shoals:1)
  10 polar bears
  A tyrant leech (shapeshifter) (D:15)
  14 blink frogs
  25 tarantellas
  7 dream sheep (Lair:5)
  A raiju (Lair:5)
  A snapping turtle (Shoals:1)
  A dire elephant simulacrum (IceCv)
  2 wraiths
  35 jumping spiders
  2 shadows
  Sigmund (D:2)
  A vampire (D:13)
  Eustachio (D:5)
  18 culicivoras
  10 wyverns
  12 slime creatures
  2 water elementals (D:11)
  6 hogs (D:12)
  44 yaks
  4 vampire mosquitoes (D:12)
  4 basilisks
  3 steam dragons
  45 redbacks
  2 harpy simulacra (IceCv)
  Edmund (D:5)
  6 wargs
  3 acid dragons
  16 hell hounds (Lair:5)
  18 water moccasins
  Duvessa (D:5)
  30 orc warriors
  A sky beast (shapeshifter) (D:14)
  14 black bears
  5 ice beasts
  4 ogres
  39 wolves
  23 centaurs
  2 phantoms (D:4)
  12 kobold brigands
  8 bullfrogs
  A gnoll sergeant (D:9)
  A two-headed ogre simulacrum (IceCv)
  A wyvern zombie (Ossuary)
  2 scorpions
  2 cane toad simulacra (IceCv)
  4 water moccasin zombies (Ossuary)
  Dowan (D:5)
  8 wights
  2 elephant simulacra (IceCv)
  9 killer bees
  2 howler monkeys
  4 electric eels
  7 bullfrog zombies (Ossuary)
  3 hounds
  3 centaur zombies (Ossuary)
  23 orc priests
  6 jellies
  2 gnoll boudas
  Ijyb (D:4)
  6 iguanas
  30 orc wizards
  Natasha (thrice) (D:2)
  6 hell rats (Lair:4)
  A polar bear simulacrum (IceCv)
  A spriggan simulacrum (IceCv)
  4 troll simulacra (IceCv)
  A boggart simulacrum (D:14)
  13 mummies (Ossuary)
  2 howler monkey zombies (Ossuary)
  Robin (D:2)
  8 adders
  18 gnolls
  2 naga simulacra (IceCv)
  A shadow imp (D:6)
  2 white imps (IceCv)
  4 ufetubi (IceCv)
  4 worms
  2 dart slugs
  82 orcs
  8 ball pythons
  12 endoplasms
  4 giant cockroaches
  26 goblins
  8 hobgoblins
  4 jackals (D:1)
  5 quokkas
  7 bats
  5 frilled lizards
  15 kobolds
  8 rats
  7 tentacles (Shoals:1)
1064 creatures vanquished.

Vanquished Creatures (others)
  A deep elf pyromancer (D:7)
  A jumping spider (Spider:2)
  A goblin (D:7)
  12 tentacles (Shoals:1)
15 creatures vanquished.

Grand Total: 1079 creatures vanquished

Notes
Turn   | Place    | Note
-------+----------+-------------------------------------------
     0 | D:1      | spardeous the Demigod Earth Elementalist began the quest
                  | for the Orb.
     0 | D:1      | Reached XP level 1. HP: 14/14 MP: 5/5
   437 | D:1      | Reached XP level 2. HP: 20/20 MP: 4/7
  1137 | D:1      | Reached XP level 3. HP: 26/26 MP: 4/8
  1327 | D:2      | Noticed Robin
  1532 | D:2      | Noticed Sigmund
  1658 | D:2      | Killed Robin
  2057 | D:2      | Reached XP level 4. HP: 33/33 MP: 7/9
  2150 | D:2      | Noticed Natasha
  2153 | D:2      | Killed Natasha
  2154 | D:2      | Reached skill level 5 in Earth Magic
  2158 | D:2      | Learned a level 3 spell: Stone Arrow
  2346 | D:2      | Noticed Natasha
  2351 | D:2      | Killed Natasha
  2436 | D:2      | Noticed Natasha
  2440 | D:2      | Killed Natasha
  2441 | D:2      | Reached XP level 5. HP: 38/38 MP: 8/12
  2537 | D:2      | Killed Sigmund
  2538 | D:2      | Reached XP level 6. HP: 31/45 MP: 10/15
  3664 | D:4      | Noticed Ijyb
  3713 | D:4      | Killed Ijyb
  3714 | D:4      | Reached skill level 5 in Spellcasting
  3940 | D:4      | Reached XP level 7. HP: 50/50 MP: 12/18
  4182 | D:4      | Reached skill level 1 in Conjurations
  4461 | D:5      | Entered Level 5 of the Dungeon
  4722 | D:5      | Noticed Edmund
  4725 | D:5      | Killed Edmund
  4731 | D:5      | Reached XP level 8. HP: 57/57 MP: 10/19
  4790 | D:5      | Noticed Eustachio
  4805 | D:5      | Killed Eustachio
  5207 | D:5      | Found Zese Caujo's General Store.
  5372 | D:5      | Noticed Dowan
  5382 | D:5      | Killed Dowan
  5382 | D:5      | Noticed Duvessa
  5389 | D:5      | Killed Duvessa
  5735 | D:6      | Identified the +5 long sword of Uncomfortable Rashes
                  | {venom, rElec Dex+3}
  5859 | D:6      | Reached skill level 1 in Fighting
  6216 | D:6      | Reached XP level 9. HP: 65/68 MP: 15/20
  6629 | D:7      | Reached skill level 5 in Fighting
  6774 | D:7      | Found a runed translucent gate.
  6774 | D:7      | Found a runed translucent gate.
  6883 | D:7      | Found a runed translucent gate.
  6884 | D:7      | Noticed SirLogeyBear's ghost (novice HOBe)
  6887 | D:7      | Noticed a kobold demonologist
  6942 | D:7      | Noticed a deep elf pyromancer
  7092 | D:7      | Killed a deep elf pyromancer
  7122 | D:7      | Found a staircase to the Ecumenical Temple.
  7200 | D:7      | Reached skill level 1 in Transmutations
  7319 | D:7      | HP: 3/65 [wight/+0 falchion of flaming (3)]
  7448 | D:7      | Reached skill level 2 in Transmutations
  7602 | D:7      | Noticed a komodo dragon
  7617 | D:7      | Killed a komodo dragon
  7900 | D:8      | Reached skill level 3 in Transmutations
  8020 | D:8      | Reached XP level 10. HP: 84/84 MP: 15/22
  8090 | D:8      | Found a sand-covered staircase.
  8094 | Ossuary  | Entered an ossuary
  8127 | Ossuary  | Reached skill level 4 in Transmutations
  8506 | Ossuary  | Reached skill level 5 in Transmutations
  8722 | D:8      | Learned a level 4 spell: Petrify
  9384 | D:9      | Reached skill level 5 in Conjurations
  9680 | D:9      | Reached skill level 1 in Shields
  9856 | D:9      | Noticed Pikel
  9865 | D:9      | Killed Pikel
 10497 | D:10     | Entered Level 10 of the Dungeon
 10711 | D:10     | Reached XP level 11. HP: 92/92 MP: 12/25
 10737 | D:10     | Reached skill level 5 in Shields
 11034 | D:10     | Found a staircase to the Lair.
 12160 | D:11     | Found a frozen archway.
 12215 | IceCv    | Entered an ice cave
 12240 | IceCv    | Learned a level 3 spell: Ignite Poison
 12246 | IceCv    | Learned a level 5 spell: Alistair's Intoxication
 12250 | IceCv    | Learned a level 3 spell: Vampiric Draining
 13537 | IceCv    | Noticed a reaper
 13736 | IceCv    | Gained mutation: Your mind is acute. (Int +4, Str/Dex -1)
                  | [potion of mutation]
 13736 | IceCv    | Gained mutation: You are resistant to electric shocks.
                  | (rElec) [potion of mutation]
 13736 | IceCv    | Gained mutation: You passively dampen the noise of your
                  | surroundings. [potion of mutation]
 13739 | IceCv    | Learned a level 1 spell: Slow
 13857 | IceCv    | Killed a reaper
 14823 | Lair:1   | Entered Level 1 of the Lair of Beasts
 14993 | Lair:1   | Reached skill level 10 in Spellcasting
 15063 | Lair:1   | Reached XP level 12. HP: 25/100 MP: 14/30
 15296 | Lair:1   | Noticed a boulder beetle
 15376 | Lair:1   | Killed a boulder beetle
 16379 | Lair:2   | Noticed Sonja
 16473 | Lair:2   | Killed Sonja
 16654 | Lair:2   | Reached skill level 10 in Fighting
 16858 | Lair:2   | Reached skill level 1 in Necromancy
 17257 | Lair:2   | Found a staircase to the Shoals.
 18335 | Lair:3   | Reached skill level 5 in Necromancy
 18462 | Lair:3   | Identified the +7 short sword of the Endless Expanse
                  | {heavy, *Corrode Will+ MP+9 Dex+5}
 18506 | Lair:3   | Found a hole to the Spider Nest.
 19815 | Lair:3   | Reached XP level 13. HP: 61/113 MP: 12/31
 21629 | Lair:4   | Got Funuashu's Incunable of the Variable Cwm
 21725 | Lair:4   | Learned a level 4 spell: Leda's Liquefaction
 21858 | Lair:4   | Reached skill level 10 in Shields
 21864 | Lair:4   | Identified the +3 scale mail "Bovall" {rElec rF+ Int+3}
 22357 | Lair:4   | Found a transporter.
 22361 | Lair:4   | Noticed turdburglar's ghost (journeyman GrFi)
 22377 | Lair:4   | Found a transporter.
 22856 | D:6      | Killed SirLogeyBear's ghost
 23637 | Lair:4   | HP: 3/113 [turdburglar's ghost (26)]
 24031 | Lair:4   | Reached skill level 10 in Earth Magic
 24036 | Lair:4   | Identified the staff of conjuration "Qaarois" {Int+3}
 24170 | Lair:4   | Learned a level 5 spell: Borgnjor's Vile Clutch
 24180 | Lair:5   | Entered Level 5 of the Lair of Beasts
 24221 | Lair:5   | Identified the ring "Wuoduuz" {+Blink rCorr Int+6 Dex-2
                  | Slay+4}
 24296 | Lair:5   | Reached skill level 6 in Transmutations
 25206 | Lair:5   | Reached skill level 7 in Transmutations
 25954 | Lair:5   | Reached skill level 8 in Transmutations
 26179 | Lair:5   | Learned a level 2 spell: Wereblood
 26639 | Lair:5   | Reached skill level 9 in Transmutations
 27067 | Lair:5   | Reached XP level 14. HP: 84/120 MP: 32/32
 27215 | Lair:5   | Learned a level 5 spell: Borgnjor's Vile Clutch
 27251 | Lair:5   | Found a staircase to the Slime Pits.
 27255 | Lair:5   | Noticed Rupert
 27268 | Abyss:3  | Cast into level 3 of the Abyss (Rupert)
 27344 | Lair:5   | Escaped the Abyss
 27345 | Lair:5   | Paralysed by Rupert for 5 turns
 27352 | Lair:5   | Killed Rupert
 27353 | Lair:5   | Reached skill level 10 in Transmutations
 29713 | D:12     | Learned a level 7 spell: Dragon Form
 29942 | D:12     | Noticed Kirke
 29960 | D:12     | Noticed a sphinx
 29962 | D:12     | Killed Kirke
 30015 | D:12     | Reached skill level 11 in Transmutations
 30152 | D:12     | Found a staircase to the Orcish Mines.
 30174 | D:12     | Found Vimog's Antique Armour Emporium.
 30867 | Orc:1    | Entered Level 1 of the Orcish Mines
 31313 | Orc:2    | Entered Level 2 of the Orcish Mines
 31329 | Orc:1    | Gained mutation: You occasionally lose the ability to drink
                  | potions when taking damage. [mutagenic glow]
 31337 | Orc:1    | Gained mutation: Armour fits poorly on your strangely
                  | shaped body. [mutagenic glow]
 31778 | Orc:2    | Found a staircase to the Elven Halls.
 32120 | Orc:2    | Reached skill level 12 in Transmutations
 32325 | Orc:2    | Reached skill level 1 in Maces & Flails
 32609 | Orc:2    | Found Qyuw's Antique Weapon Shop.
 32609 | Orc:2    | Found Etrakhlis's Jewellery Shoppe.
 32611 | Orc:2    | Found Nesupp's Magic Scroll Shop.
 32611 | Orc:2    | Found Imumumidgh's General Store.
 32786 | Orc:2    | Found Weolup's Whimsical Warehouse.
 33718 | Orc:2    | Bought the amulet "Peaxt" {Acrobat Str+2 SInv} for 454 gold
                  | pieces
 34228 | D:13     | Identified the +0 scale mail "Oroleifa" {rN+ Str-3 Int+7}
 35772 | D:14     | Reached skill level 5 in Dodging
 35896 | D:14     | Reached XP level 15. HP: 126/126 MP: 29/33
 36287 | D:14     | Found a gate to the Vaults.
 36870 | D:14     | Identified 4 scrolls of acquirement
 36873 | D:14     | Acquired the Papyrus of Vapourous Necromancy
 36878 | D:14     | Acquired the +1 pair of gloves "Heshirae" {Will+}
 36894 | D:14     | Acquired the +8 demon trident "Rift" {distort, reach+}
 36894 | D:14     | Found the +8 demon trident "Rift" {distort, reach+}
 36899 | D:14     | Acquired the +1 hat of Skepticism {rCorr}
 36938 | D:15     | Entered Level 15 of the Dungeon
 36966 | D:15     | Reached skill level 1 in Polearms
 37705 | D:15     | Found a staircase to the Depths.
 38289 | D:15     | Learned a level 3 spell: Vhi's Electric Charge
 38769 | Spider:1 | Entered Level 1 of the Spider Nest
 38824 | Spider:1 | Reached skill level 1 in Air Magic
 40315 | Spider:1 | Reached skill level 5 in Air Magic
 41652 | Spider:1 | Learned a level 7 spell: Storm Form
 41652 | Spider:1 | Acquired the ring "Wyxzer" {rPois rC+ Will+}
 42839 | Spider:2 | Noticed Roxanne
 43153 | Spider:2 | Noticed Arachne
 43322 | Spider:2 | Killed Arachne
 43323 | Spider:2 | Reached XP level 16. HP: 18/134 MP: 0/35
 44012 | Spider:2 | Killed Roxanne
 44025 | Spider:2 | Learned a level 6 spell: Statue Form
 44229 | Spider:3 | Reached skill level 5 in Maces & Flails
 44702 | Spider:3 | Reached skill level 1 in Short Blades
 45073 | Spider:3 | Identified the +0 long sword of Makkiw {freeze, rPois Str+2
                  | Stlth-}
 45092 | Spider:4 | Entered Level 4 of the Spider Nest
 45175 | Spider:4 | Noticed Aizul
 45186 | Spider:4 | Killed Aizul
 46333 | Spider:4 | Identified the +1 kite shield of the Snake Pit {Will-
                  | Dex+4}
 46333 | Spider:4 | Noticed Donald
 46347 | Spider:4 | Killed Donald
 46405 | Spider:4 | Reached skill level 5 in Short Blades
 47450 | Spider:4 | Identified the +0 hat of Paranoia {rF+ rCorr}
 47465 | Spider:4 | Got a gossamer rune of Zot
 48576 | D:12     | Bought a glowing cloak for 225 gold pieces
 48576 | D:12     | Bought a glowing cloak for 225 gold pieces
 48733 | Shoals:1 | Entered Level 1 of the Shoals
 48956 | Shoals:1 | Noticed a kraken
 48972 | Shoals:1 | Killed a kraken
 49251 | Shoals:1 | Noticed a kraken
 49291 | Shoals:1 | Killed a kraken
 49506 | Shoals:1 | Noticed a kraken
 49581 | Shoals:1 | HP: 4/201 [tentacle[a kraken] (11)]
 49581 | Shoals:1 | Slain by a tentacle

Illustrated notes

Levels and vault maps discovered:
D:1:      nagdon_arrival_double_spiral, layout_loops_corners,
          chequers_ecumenical_altar_simple_redux, st_stairs_7,
          roderic_three_in_a_row, nicolae_hexahallways
D:2:      wad_river_or_something, layout_rooms, reono_crystal_passage,
          uniq_natasha, uniq_sigmund, uniq_robin
D:3:      layout_rooms, zin_academy, nrook_mini_vaults,
          amcnicky_mini_corridor_feature
D:4:      kennysheep_the_goblin_king, layout_loops_cross, tso_oasis_becter
D:5:      layout_rooms, mainiacjoe_overflow_brackets,
          eat_drink_and_be_merry_uskayaw, serial_shops,
          nicolae_shop_back_alley_shop, uniq_eustachio, uniq_duvessa,
          uniq_edmund
D:6:      layout_basic, amcnicky_altar_gilded, old_standard_altar,
          minmay_checkerbox
D:7:      layout_cave_pools, kiku_gazebo_garden_becter, dk_xom_monty_hall,
          minmay_temple_entry_stoned_glass, gammafunk_ghost_nasty_kobolds
D:8:      layout_rooms, elyvilon_altar_5, grunt_temple_overflow_open,
          enter_ossuary_5
D:9:      layout_loops_corners, uniq_pikel
D:10:     lemuel_ice_spiral_2, layout_basic, lair_entry_dummy,
          grunt_decor_clamped, kennysheep_generic_room_3
D:11:     layout_roguey, portal_ice_cave_entry_pillars_1, serial_bayou_lagoon_b
D:12:     layout_long_grid, orc_0_dummy, serial_shops,
          nicolae_shop_rolling_square, chequers_serial_rivers_small_b,
          uniq_kirke
D:13:     layout_rooms
D:14:     layout_gridville, lightli_vaults_fourway_checkpoint,
          hangedman_decor_push
D:15:     hangedman_depths_entry_civil_slaughter, layout_irregular_city,
          nicolae_hepliaklqana_hazy_memory, grunt_qazlal_sundering
Lair:1:   layout_gridlike, basic_altar, lemuel_fruit_tree
Lair:2:   layout_small_grid, nicolae_shoals_entry_roost,
          infiniplex_staircase_pool_2, grunt_megastairs_2, serial_bayou_shore_a,
          uniq_sonja
Lair:3:   layout_layer_cave, nicolae_spider_entry_tight_spaces,
          lemuel_centaur_altar
Lair:4:   layout_regular_city, gammafunk_ghost_arena
Lair:5:   hangedman_lair_caniforms_friends, layout_hall_layers,
          nicolae_slime_entry_slimehenge, minmay_stone_trees_large, uniq_rupert
Shoals:1: nicolae_shoals_lighthouse, layout_shoals, nicolae_shoals_undead_eyrie
Spider:1: layout_spider_delve, nicolae_spider_eight_legs
Spider:2: nicolae_spider_jumping_over_cracks [nicolae_spider_jumping_sub_rim,
          nicolae_spider_jumping_sub_lanes, nicolae_spider_jumping_sub_plain,
          nicolae_spider_jumping_sub_narrow], uniq_roxanne, uniq_arachne
Spider:3: layout_spider_delve
Spider:4: grunt_spider_rune_circles, uniq_aizul, uniq_donald
Orc:1:    layout_caves, basic_altar, kennysheep_orc_chapel
Orc:2:    grunt_orc_tribal_feast, layout_caves, nicolae_alphabet_shops,
          nicolae_orc_stony_grotto

Skill      XL: |  1  2  3  4  5  6  7  8  9 10 11 12 13 14 15 16 |
---------------+-------------------------------------------------+-----
Earth Magic    | 3 4 5 7 9 10 11 | 11.3
Spellcasting   | 2 4 5 6 7 10 | 10.3
Conjurations   | 3 4 5 |  5.3
Fighting       | 2 6 7 10 | 10.1
Transmutations | 3 5 9 12 | 12.0
Shields        | 4 7 8 10 11 | 11.3
Necromancy     | 5 6 |  6.3
Stealth        | 4 |  4.0
Maces & Flails | 4 5 |  5.5
Dodging        | 5 7 |  7.1
Polearms       | 1 |  1.5
Air Magic      | 9 |  9.1
Short Blades   | 7 |  7.6

Action                     |  1- 3 |  4- 6 |  7- 9 | 10-12 | 13-15 | 16-18 || total
---------------------------+-------+-------+-------+-------+-------+-------++-------
  Melee: Staff             |       |     1 |       |       |       |       ||     1
         Dagger            |       |       |     3 |       |       |       ||     3
         Long sword        |       |       |     1 |    32 |     2 |       ||    35
         Short sword       |       |       |       |       |    36 |   162 ||   198
         Unarmed           |       |       |       |       |   608 |    30 ||   638
         Tailslap          |       |       |       |       |    95 |     6 ||   101
         Bite              |       |       |       |       |    63 |     8 ||    71
         Punch             |       |       |       |       |    12 |       ||    12
   Cast: Sandblast         |    72 |    75 |   150 |   426 |   339 |    28 ||  1090
         Stone Arrow       |       |     3 |    52 |   174 |   207 |    32 ||   468
         Petrify           |       |       |       |    12 |    13 |       ||    25
         Slow              |       |       |       |     2 |     8 |       ||    10
         Borgnjor's Vile C |       |       |       |       |    89 |   156 ||   245
         Vampiric Draining |       |       |       |       |     5 |       ||     5
         Leda's Liquefacti |       |       |       |       |     7 |     5 ||    12
         Dragon Form       |       |       |       |       |    67 |     3 ||    70
         Wereblood         |       |       |       |       |     1 |     2 ||     3
         Storm Form        |       |       |       |       |     7 |       ||     7
         Statue Form       |       |       |       |       |       |    45 ||    45
Ability: Breathe Fire      |       |       |       |       |    13 |     2 ||    15
         Blinkbolt         |       |       |       |       |     3 |       ||     3
  Evoke: Wand              |       |       |       |     8 |     4 |       ||    12
    Use: Potion            |       |       |     3 |     7 |     5 |     1 ||    16
         Scroll            |       |       |       |    21 |    19 |     2 ||    42
   Stab: Petrified         |       |       |       |     6 |    19 |       ||    25
         Petrifying        |       |       |       |     1 |     1 |       ||     2
         Distracted        |       |       |       |       |     1 |       ||     1
         Sleeping          |       |       |       |       |     1 |       ||     1
 Armour: Robe              |     7 |     3 |     9 |       |       |       ||    19
         Steam dragon scal |       |       |       |    70 |   137 |     9 ||   216
         Scale mail        |       |       |       |       |    53 |       ||    53
         Skin              |       |       |       |       |   557 |   395 ||   952
  Dodge: Dodged            |    33 |    16 |    97 |   292 |  1024 |   516 ||  1978
         Repelled          |       |       |       |       |     7 |     2 ||     9
  Block: Buckler           |       |       |     8 |    89 |   183 |       ||   280
         Kite shield       |       |       |       |       |    21 |   524 ||   545
